cohdb
Replays
Latest Replays
All Replays
Popular Replays
Top Player Replays
Match Explorer
How It Works
Community
CoH3 Stats
Reddit
Sign in to upload your games and track your stats! →
Sign in with Steam
Match 44406269
Unlisted
Match 44406269
Overview
Messages
Build Orders
End
Construct Infanterie Kompanie
Selects Italian Coastal Battlegroup
Selects Coastal Reserves
MG 42 Machine Gun Team
MG 42 Machine Gun Team
GrW 34 Mortar Team
MG 42 Bunker
Construct Panzergrenadier Kompanie
Medical Bunker
Support Elements
Selects Support Bunkers
Selects Artillery Officer
Repair Bunker
MG 42 Bunker
Artillery Officer
lvwei889988
yy
⚡狗凤⚡
Shine
Serial Chiller
709212146
Akane Sunset
Company of Heroes
0
0
Comments
sign in to comment!
No comments posted yet!